 Dungeon Crawl Stone Soup version 0.18.1-48-g4cf74bf (webtiles) character file.

107 Alarkh the Poker (level 4, -8/33 HPs)
             Began as a Mummy Skald on July 28, 2016.
             Mangled by an ogre
             ... wielding a +0 giant club
              (23 damage)
             ... on level 4 of the Dungeon.
             The game lasted 00:02:15 (2473 turns).

Alarkh the Poker (Mummy Skald)                      Turns: 2473, Time: 00:02:16

Health: -8/33      AC:  4    Str: 15    XL:     4   Next: 56%
Magic:  1/7        EV: 11    Int: 12    God:
Gold:   136        SH:  0    Dex: 11    Spells: 1 memorised, 6 levels left

rFire  x . .     SeeInvis .     a - +0 spear
rCold  + . .     Gourm    .     b - +0 leather armour
rNeg   + + +     Faith    .     (no shield)
rPois  ∞         Spirit   .     (no helmet)
rElec  .         Dismiss  .     h - +0 cloak
rCorr  .         Reflect  .     (no gloves)
SustAt .         Harm     .     (no boots)
MR     .....                    (no amulet)
Stlth  +.........               (no ring)
                                (no ring)

@: infused (expiring), not resistant to hostile enchantments, very unstealthy
A: no food or potions, fire vulnerability, cold resistance 1, negative energy
resistance 3, torment resistance, unbreathing
a: no special abilities


You were on level 4 of the Dungeon.
You were not hungry.

You visited 1 branch of the dungeon, and saw 4 of its levels.

You collected 136 gold pieces.

Inventory:

Hand Weapons
 a - a +0 spear (weapon)
Armour
 b - a +0 leather armour (worn)
 h - a +0 cloak (worn)
Scrolls
 d - a scroll of fear {unknown}
 e - 2 scrolls of identify {unknown}
 f - a scroll of enchant armour {unknown}
 g - a scroll of blinking {unknown}
 i - a scroll of noise {unknown}
Books
 c - a book of Battle

   Spells                             Type                      Level
   a - Infusion                       Charms                       1
   b - Shroud of Golubria             Charms/Translocation         2
   c - Song of Slaying                Charms                       2
   d - Spectral Weapon                Hexes/Charms                 3
   e - Regeneration                   Charms/Necromancy            3


   Skills:
 - Level 2.0 Fighting
 + Level 4.0 Polearms
 - Level 0.7 Armour
 - Level 0.7 Dodging
 - Level 2.0 Spellcasting
 - Level 2.4 Charms


You had 6 spell levels left.
You knew the following spells:

 Your Spells              Type           Power        Failure   Level  Hunger
a - Infusion              Chrm           #...         14%         1    N/A

Dungeon Overview and Level Annotations

Branches:
Dungeon (4/15)
 Temple: D:4-7

Altars:
Ru
Vehumet

Annotations:
D:3 sveltemanboy's ghost, amateur DsCK


Innate Abilities, Weirdness & Mutations

You do not eat or drink.
Your flesh is vulnerable to fire.
You are immune to poison.
Your flesh is cold resistant.
You are immune to negative energy.
You are immune to unholy pain and torment.
You can survive without breathing.


Message History

The ogre is severely wounded.
The ogre hits you with a giant club!
You are too injured to fight recklessly!
You are too injured to fight recklessly!
You hit the ogre.
The ogre is severely wounded.
You closely miss the ogre.
The ogre is severely wounded.
The ogre closely misses you.
You hit the ogre but do no damage.
The ogre is severely wounded.
Your magical infusion is running out.
The ogre barely misses you.
You hit the ogre.
The ogre is severely wounded.
You closely miss the ogre.
The ogre is severely wounded.
The ogre hits you with a giant club!!
Ouch! That really hurt!
You die...

##...# ##..... #......
....... .......
##..<..
......O#####...
#.>....@.......
#....#..####... #..
#.#.## #.. #### #
#...#.###.########...
#.....#.##.##.......#.
#.≈≈≈.#.##.#..#######.
#≈...≈#......## #.
#≈._.≈#..#.### #.
#≈...≈#..#.# #.


You could see an ogre.

Vanquished Creatures
  4 adders (D:2)
  An ooze (D:2)
  2 worms (D:2)
  8 bats
  2 giant cockroaches (D:1)
  14 goblins
  13 hobgoblins
  A ball python (D:1)
  2 giant newts
  5 kobolds
  6 rats
58 creatures vanquished.

Notes
Turn   | Place    | Note
--------------------------------------------------------------
     0 | D:1      | Alarkh the Mummy Skald began the quest for the Orb.
     0 | D:1      | Reached XP level 1. HP: 16/16 MP: 3/3
   118 | D:1      | Reached skill level 2 in Polearms
   232 | D:1      | Reached XP level 2. HP: 22/22 MP: 0/5
   956 | D:2      | Reached skill level 3 in Polearms
   956 | D:2      | Reached XP level 3. HP: 16/27 MP: 1/6
  1177 | D:2      | Found a radiant altar of Vehumet.
  1525 | D:2      | Reached XP level 4. HP: 23/33 MP: 2/7
  2172 | D:3      | Reached skill level 4 in Polearms
  2318 | D:3      | Noticed sveltemanboy's ghost (amateur DsCK)
  2458 | D:4      | Found a sacrificial altar of Ru.
  2460 | D:4      | Noticed an ogre
  2473 | D:4      | Mangled by an ogre

Skill      XL: |  1  2  3  4 |
---------------+-------------+-----
Polearms       | 2 3 4 |  4.0
Fighting       | |  2.0
Armour         | |  0.7
Dodging        | |  0.7
Spellcasting   | |  2.0
Charms         | |  2.4

Action                   |  1- 3 |  4- 6 || total
-------------------------+-------+-------++-------
Melee: Spear             |   130 |    66 ||   196
 Cast: Infusion          |    28 |    11 ||    39
Armor: Leather armour    |    36 |     6 ||    42
Dodge: Dodged            |    53 |    19 ||    72
